 Dungeon Crawl Stone Soup version 0.29.1-1-gd02db6906a (webtiles) character file.

Game seed: 8170548375097750336

42 Spacebear9 the Insei (level 3, 0/26 HPs)
             Began as a Merfolk Transmuter on Oct 6, 2022.
             Constricted to death by a ball python (1 damage)
             ... on level 2 of the Dungeon.
             The game lasted 00:04:35 (1412 turns).

Spacebear9 the Insei (Merfolk Transmuter)           Turns: 1412, Time: 00:04:35

Health: 0/26       AC:  4    Str: 12    XL:     3   Next: 54%
Magic:  6/6        EV:  9    Int: 12    God:
Gold:   55         SH:  5    Dex: 14    Spells: 5/6 levels left

rFire   . . .      SeeInvis .     - Unarmed
rCold   . . .      Faith    .   (no shield)
rNeg    . . .      Spirit   .   a - +0 robe
rPois   .          Reflect  +   (no helmet)
rElec   .          Harm     .   (no cloak)
rCorr   .          Rampage  .   e - +1 pair of gloves
Will    .....                   (no boots)
Stlth   +.........              j - amulet of reflection
HPRegen 0.08/turn               (no ring)
MPRegen 0.10/turn               (no ring)

@: flying (expiring), constricted
A: (nimble swimmer 2), mertail
a: no special abilities


You were on level 2 of the Dungeon.
You visited 1 branch of the dungeon, and saw 2 of its levels.

You collected 55 gold pieces.

Inventory:

Armour
 a - a +0 robe (worn)
 e - a +1 pair of gloves (worn)
Jewellery
 j - an amulet of reflection (around neck)
Scrolls
 c - a scroll of silence
 l - a scroll of identify
Potions
 b - 2 potions of lignification
 h - 2 potions of flight


   Skills:
 - Level 1.1 Fighting
 - Level 2.6 Dodging
 + Level 4.3 Unarmed Combat
 - Level 2.0 Spellcasting
 * Level 3.9 Transmutations


You had 5 spell levels left.
You knew the following spells:

 Your Spells              Type           Power      Damage    Failure   Level
a - Beastly Appendage     Tmut           20%        N/A       5%          1

Your spell library contained the following spells:

 Spells                   Type           Power      Damage    Failure   Level
 Wereblood                Tmut           10%        N/A       9%          2
 Spider Form              Tmut/Pois      5%         N/A       36%         3
 Ice Form                 Ice/Tmut       5%         N/A       77%         4


Dungeon Overview and Level Annotations

Branches:
Dungeon (1/15)

Altars:

Annotations:
D:2 Robin


Innate Abilities, Weirdness & Mutations

((You are very nimble when in or above water. (Stealth+, EV+, Speed+++)))
Your lower body shifts to a powerful aquatic tail in water.


Message History

The ball python closely misses you. The ball python grabs you.
The ball python constricts you.
* * * LOW HITPOINT WARNING * * *
As you read the scroll labelled ROGIUSTRAEKK, it crumbles to dust.
It is a scroll of amnesia.
Really abort (and waste the scroll)?
Okay, then.
The ball python misses you. The ball python constricts you.
* * * LOW HITPOINT WARNING * * *
The ball python bites you but does no damage.
The ball python constricts you.
As you read the scroll labelled RIDORA XUISKO, it crumbles to dust.
It is a scroll of enchant armour.
Your +0 pair of gloves glows green for a moment.
You are starting to lose your buoyancy.
The adder bites you but does no damage. The goblin barely misses you.
The ball python barely misses you. The ball python constricts you.
The adder bites you but does no damage.
As you read the scroll labelled ULIQAF INNEMIU, it crumbles to dust.
The scroll dissolves into smoke.
It was a scroll of fog.
The goblin hits you but does no damage. The goblin hits you with a +0 club.
* * * LOW HITPOINT WARNING * * *
The ball python bites you but does no damage.
The ball python constricts you. The adder bites you but does no damage.
As you read the scroll labelled DEUWYM XOSAEVI, it crumbles to dust.
You feel aware of your surroundings.
It was a scroll of magic mapping.
You block the goblin's attack. The goblin barely misses you.
The adder closely misses you.
The ball python bites you but does no damage.
The ball python constricts you.
As you read the scroll labelled LUKLON RUEG, it crumbles to dust.
The creatures around you are filled with an inner flame!
It was a scroll of immolation.
The adder bites you but does no damage.
The ball python bites you but does no damage.
The ball python constricts you. You block the goblin's attack. x2
The adder bites you but does no damage.
You closely miss the ball python.
The ball python bites you but does no damage.
The ball python constricts you.
You die...

,,**,***,**,** *,***
>,,,,,,,,**,* *,,,*
,**********,* *,,,* ,*
##+## *,,,* ,* ##...##
**,** ,*# ##...(.## ****,*
..## ##......§## **,*#,*
...####.......gg####..$#,*
g.....'...g...gS@S§.....,*
...####.......Sg####...#,*
..## ##......§## **,*#,*
,*#** ##.....## ****,*
,,,,* ##...## *,* ,,,,*
##'## *,* ,,,,* #.# *,*
,,,,* #.# *,* ,,,,* *#.#*
*,*


You could see an adder (inner flame), 4 goblins and 2 ball pythons.

Vanquished Creatures
  3 dart slugs
  6 endoplasms
  6 goblins
  3 jackals (D:1)
  A kobold (D:2)
  3 quokkas (D:1)
  3 ball pythons (D:1)
  2 bats (D:1)
  A frilled lizard (D:1)
  4 rats
32 creatures vanquished.

Notes
Turn   | Place    | Note
-------+----------+-------------------------------------------
     0 | D:1      | Spacebear9 the Merfolk Transmuter began the quest for the
                  | Orb.
     0 | D:1      | Reached XP level 1. HP: 15/15 MP: 3/3
   264 | D:1      | Reached XP level 2. HP: 21/21 MP: 3/5
   485 | D:1      | Reached skill level 4 in Unarmed Combat
   510 | D:1      | Reached XP level 3. HP: 26/26 MP: 4/6
  1201 | D:1      | You fall into a shaft and drop 1 floor!
  1323 | D:2      | Noticed Robin
  1407 | D:2      | HP: 1/26 [constriction (1)]
  1412 | D:2      | Constricted to death by a ball python

Illustrated notes

Levels and vault maps discovered:
D:1:      lightli_arrival_statue_moat, layout_basic
D:2:      layout_loops_corners, minivault_5, uniq_robin

Skill      XL: |  1  2 |
---------------+-------+-----
Transmutations | 3 |  3.9
Unarmed Combat | 4 |  4.3
Fighting       | |  1.1
Dodging        | |  2.6
Spellcasting   | |  2.0

Action                   || total
-------------------------++-------
Melee: Unarmed           ||   105
       Headbutt          ||    12
       Punch             ||     2
 Cast: Beastly Appendage ||    22
  Use: Scroll            ||     8
       Potion            ||     1
Armor: Robe              ||    27
Dodge: Dodged            ||    85
Block: Other             ||    13
       Reflection        ||     1
